 Dungeon Crawl Stone Soup version 0.18-a0-1730-g73f0523 (webtiles) character file.

1729 inmateoo the Firebug (level 8, -3/62 HPs)
             Began as a Purple Draconian Fire Elementalist on Apr 10, 2016.
             Was a Believer of Cheibriados.
             Slain by a centaur (4 damage)
             ... on level 6 of the Dungeon.
             The game lasted 00:14:07 (5084 turns).

inmateoo the Firebug (DrFE)                         Turns: 5084, Time: 00:14:07

Health: -3/62      AC:  8    Str: 16    XL:     8   Next: 76%
Magic:  16/16      EV: 12    Int: 23    God:    Cheibriados [**....]
Gold:   122        SH:  7    Dex: 16    Spells: 4 memorised, 7 levels left

rFire  . . .     SeeInvis .     r - +1 flail
rCold  . . .     Gourm    .     (armour unavailable)
rNeg   + . .     Faith    .     m - +2 buckler
rPois  .         Spirit   .     (helmet restricted)
rElec  .         Dismiss  .     s - +0 cloak
rCorr  .         Reflect  .     (no gloves)
SustAt .         Harm     .     v - +0 pair of boots
MR     +....                    (no amulet)
Stlth  ++........               (no ring)
                                y - ring of positive energy

@: exhausted, very slightly contaminated, slowed, invisible, very slow, somewhat
resistant to hostile enchantments, unstealthy
A: breathe power, unfitting armour, cold-blooded, AC +6
a: Breathe Dispelling Energy, Bend Time, Renounce Religion


You were on level 6 of the Dungeon.
You worshipped Cheibriados.
Cheibriados was pleased with you.
You were hungry.

You visited 2 branches of the dungeon, and saw 7 of its levels.

You collected 122 gold pieces.

Inventory:

Hand Weapons
 r - a +1 flail (weapon)
 x - a +0 dagger of draining
Armour
 m - a +2 buckler (worn)
 s - a +0 cloak (worn)
 v - a +0 pair of boots (worn)
Jewellery
 y - a ring of positive energy (left hand)
Wands
 o - a wand of lightning (6/15)
Scrolls
 d - 2 scrolls of amnesia
 k - a scroll of fog
 w - a scroll of remove curse
Potions
 e - 3 potions of brilliance
 g - a potion of might
 i - a potion of magic
 t - a potion of heal wounds {unknown}
 u - a potion of flight {unknown}
Books
 a - a book of Flames

   Spells                             Type                      Level
   a - Flame Tongue                   Conjuration/Fire             1
   b - Throw Flame                    Conjuration/Fire             2
   c - Conjure Flame                  Conjuration/Fire             3
   d - Inner Flame                    Hexes/Fire                   3
   e - Sticky Flame                   Conjuration/Fire             4
   f - Fireball                       Conjuration/Fire             5
 q - a book of Annihilations

   Spells                             Type                      Level
   a - Poison Arrow                   Conjuration/Poison           6
   b - Chain Lightning                Conjuration/Air              8
   c - Lehudib's Crystal Spear        Conjuration/Earth            8
   d - Glaciate                       Conjuration/Ice              9
   e - Fire Storm                     Conjuration/Fire             9
Comestibles
 b - 5 bread rations
 c - a meat ration
 n - 3 fruits
 p - 2 slices of pizza


   Skills:
 - Level 2.5 Fighting
 - Level 2.0 Dodging
 - Level 2.9 Stealth
 + Level 3.9 Shields
 + Level 3.7 Unarmed Combat
 + Level 5.4 Spellcasting
 + Level 4.4 Conjurations
 * Level 6.9 Fire Magic


You had 7 spell levels left.
You knew the following spells:

 Your Spells              Type           Power        Failure   Level  Hunger
a - Flame Tongue          Conj/Fire      ####.        1%          1    None
b - Throw Flame           Conj/Fire      ####..       1%          2    None
c - Conjure Flame         Conj/Fire      ####....     2%          3    ##.....
d - Sticky Flame          Conj/Fire      ####....     10%         4    ####...


Dungeon Overview and Level Annotations

Branches:
Dungeon (6/15)             Temple (1/1) D:4

Altars:
Ashenzari
Cheibriados
Dithmenos
Fedhas
Okawaru
Qazlal
Sif Muna
Trog
Vehumet
Xom
Yredelemnul
Zin
The Shining One

Annotations:
D:4 Pikel


Innate Abilities, Weirdness & Mutations

You can breathe bolts of dispelling energy.
Your rich purple scales are hard (AC +6).
Your body does not fit into most forms of armour.
You are cold-blooded and may be slowed by cold attacks.


Message History

You feel yourself slow down.
You are feeling hungry.
The centaur unwields an uncursed shortbow.
You block the centaur's attack. x2
You hit the centaur.
The centaur is moderately wounded.
The centaur hits you!
* * * LOW HITPOINT WARNING * * *
You block the centaur's attack.
You strike the helpless centaur from behind!
You hit the centaur.
The centaur is heavily wounded.
The centaur closely misses you.
The centaur hits you but does no damage.
The centaur closely misses you.
You catch the helpless centaur completely off-guard!
You hit the centaur.
Your tail-slap misses the centaur.
The centaur is severely wounded.
The centaur hits you.
You die...

.# # .# #.##+## .#
#$..... .# #......
.# #......### .#
#........####c#.#...
.......((.((@.......
......(.((###+###?##
....####.##.....#
... #...#.#.#.# .
#...'.._..+
#...#.#.#.#
#...#.....#
##...###'####..#
................


You could see a centaur.

Vanquished Creatures
  The ghost of 4thArraOfDagon the Chopper, a novice HOBe of Trog (D:6)
  Menkaure (D:4)
  A sky beast (D:6)
  3 ice beasts (D:5)
  A centaur (D:5)
  A scorpion (D:6)
  5 crimson imps (D:5)
  A centaur skeleton (D:4)
  2 orc priests (D:5)
  A hound (D:3)
  2 iguanas
  2 orc wizards (D:5)
  Natasha (D:4)
  3 worker ants
  2 killer bee zombies (D:5)
  2 gnolls (D:3)
  10 adders
  A river rat (D:5)
  A shadow imp (D:6)
  An adder zombie (D:6)
  2 adder skeletons (D:4)
  2 worms
  2 giant geckos
  18 orcs
  11 bats
  2 giant cockroaches
  7 goblins
  8 hobgoblins
  8 jackals
  5 giant newts
  5 kobolds
  8 rats
120 creatures vanquished.

Notes
Turn   | Place    | Note
--------------------------------------------------------------
     0 | D:1      | inmateoo the Draconian Fire Elementalist began the quest for the Orb.
     0 | D:1      | Reached XP level 1. HP: 14/14 MP: 3/3
   226 | D:1      | Reached XP level 2. HP: 22/22 MP: 1/5
   296 | D:1      | Learned a level 2 spell: Throw Flame
   954 | D:2      | Reached XP level 3. HP: 25/27 MP: 0/6
   990 | D:2      | Reached skill level 1 in Fighting
  1512 | D:2      | Reached XP level 4. HP: 35/35 MP: 3/7
  1538 | D:3      | Learned a level 3 spell: Conjure Flame
  2077 | D:3      | Reached skill level 4 in Fire Magic
  2205 | D:3      | Reached XP level 5. HP: 41/41 MP: 5/8
  2707 | D:4      | Noticed Natasha
  2713 | D:4      | Killed Natasha
  2769 | D:4      | Noticed Menkaure
  2776 | D:4      | HP: 2/41 [Menkaure (16)]
  2777 | D:4      | Killed Menkaure
  2777 | D:4      | Reached skill level 1 in Shields
  2777 | D:4      | Reached XP level 6. HP: 3/49 MP: 1/10
  3165 | D:4      | Found a staircase to the Ecumenical Temple.
  3171 | D:4      | Found a glowing golden altar of the Shining One.
  3241 | Temple   | Entered the Ecumenical Temple
  3282 | Temple   | Became a worshipper of Cheibriados the Contemplative
  3397 | D:4      | Noticed a slave
  3430 | D:4      | Learned a level 4 spell: Sticky Flame
  3559 | D:4      | Noticed a slave
  3559 | D:4      | Noticed a slave
  3561 | D:4      | Noticed Pikel
  3562 | D:4      | Noticed a slave
  3565 | D:4      | You fall through a shaft!
  3565 | D:5      | Entered Level 5 of the Dungeon
  3754 | D:5      | Reached skill level 1 in Unarmed Combat
  3821 | D:5      | Found an iron altar of Okawaru.
  3937 | D:5      | Reached * piety under Cheibriados
  3957 | D:5      | Your scales start taking on a rich purple colour.
  3957 | D:5      | Reached XP level 7. HP: 43/56 MP: 13/13
  4021 | D:5      | Reached skill level 5 in Fire Magic
  4031 | D:5      | Found a stormy altar of Qazlal.
  4357 | D:5      | Found a shadowy altar of Dithmenos.
  4407 | D:5      | Reached ** piety under Cheibriados
  4452 | D:5      | Reached XP level 8. HP: 62/62 MP: 11/14
  4463 | D:5      | Reached skill level 6 in Fire Magic
  4851 | D:6      | Reached skill level 5 in Spellcasting
  5015 | D:6      | Found a shattered altar of Ashenzari.
  5019 | D:6      | Noticed 4thArraOfDagon's ghost (novice HOBe)
  5060 | D:6      | Killed 4thArraOfDagon's ghost
  5082 | D:6      | HP: 1/62 [centaur (8)]
  5084 | D:6      | Slain by a centaur

Vault maps used:
D:1:      scummos_arrival_star
D:2:      first_bread
D:3:      kennysheep_generic_room_10
D:4:      overflow_temple_1_default, minmay_temple_entry_purple_smoke,
          minmay_tree_intersection, uniq_pikel, uniq_menkaure, uniq_natasha
D:5:      kennysheep_mini, nicolae_qazlal_general_emergency, okawaru_trees_1,
          gup_sewer_entry_bowl
D:6:      kennysheep_little_box, makhleb_grotto_becter
Temple:   circular_temple_pool_8

Skill      XL: |  1  2  3  4  5  6  7  8 |
---------------+-------------------------+-----
Stealth        | 2 |  2.9
Dodging        | 2 |  2.0
Fighting       | 1 2 |  2.5
Conjurations   | 2 3 4 |  4.4
Fire Magic     | 4 5 6 |  6.9
Shields        | 1 2 3 |  3.9
Spellcasting   | 3 4 5 |  5.4
Unarmed Combat | 1 2 3 |  3.7

Action                   |  1- 3 |  4- 6 |  7- 9 || total
-------------------------+-------+-------+-------++-------
Melee: Unarmed           |    24 |    42 |       ||    66
       Flail             |       |   112 |   164 ||   276
 Cast: Flame Tongue      |    64 |   113 |    79 ||   256
 Abil: Breathe Dispellin |       |       |     1 ||     1
Evoke: Wand              |       |     1 |       ||     1
  Use: Scroll            |     1 |     9 |     4 ||    14
       Potion            |       |     1 |     8 ||     9
 Stab: Sleeping          |       |       |     1 ||     1
       Invisible         |       |       |     2 ||     2
  Eat: Chunk             |     3 |     8 |     3 ||    14
